 Dungeon Crawl Stone Soup version 0.22-a0-231-g1b571ea (webtiles) character file.

20 tidbits the Skirmisher (level 2, -4/29 HPs)
             Began as a Gnoll Wanderer on Feb 20, 2018.
             Slain by Sigmund
             ... wielding a +0 scythe
              (8 damage)
             ... on level 2 of the Dungeon.
             The game lasted 00:02:11 (231 turns).

tidbits the Skirmisher (Gnoll Wanderer)              Turns: 231, Time: 00:02:12

Health: -4/29      AC:  6    Str: 14    XL:     2   Next: 79%
Magic:  2/2        EV: 10    Int: 11    God:
Gold:   22         SH:  0    Dex: 17    Spells: 2/2 levels left

rFire    . . .     SeeInvis .   a - +2 hand axe
rCold    . . .     Gourm    .   (no shield)
rNeg     . . .     Faith    .   B - +0 ring mail
rPois    .         Spirit   .   (no helmet)
rElec    .         Reflect  .   (no cloak)
rCorr    .         Harm     .   (no gloves)
MR       .....                  (no boots)
Stlth    ++........             (no amulet)
HPRegen  0.09/turn              (no ring)
MPRegen  0.08/turn              (no ring)

@: no status effects
A: distributed training, fangs 1, strong nose
a: no special abilities


You were on level 2 of the Dungeon.
You were not hungry.

You visited 1 branch of the dungeon, and saw 2 of its levels.

You collected 22 gold pieces.

Inventory:

Hand Weapons
 a - a +2 hand axe (weapon)
 b - a +0 dagger
Missiles
 h - 29 arrows
Armour
 B - a +0 ring mail (worn)
Scrolls
 e - 2 scrolls of fog {unknown}
 f - a scroll of remove curse {unknown}
 g - a scroll of enchant weapon {unknown}
Comestibles
 c - 2 rations


   Skills:
 + Level 6.5 Fighting
 + Level 0.5 Short Blades
 + Level 0.5 Long Blades
 + Level 4.5 Axes
 + Level 0.5 Maces & Flails
 + Level 0.5 Polearms
 + Level 0.5 Staves
 + Level 0.5 Slings
 + Level 0.5 Bows
 + Level 2.5 Crossbows
 + Level 2.5 Throwing
 + Level 4.5 Armour
 + Level 0.5 Dodging
 + Level 2.3 Stealth
 + Level 0.5 Shields
 + Level 0.5 Unarmed Combat
 + Level 0.5 Spellcasting
 + Level 0.3 Conjurations
 + Level 0.3 Hexes
 + Level 0.3 Charms
 + Level 0.3 Summonings
 + Level 0.3 Necromancy
 + Level 0.3 Translocations
 + Level 0.3 Transmutations
 + Level 0.3 Fire Magic
 + Level 0.3 Ice Magic
 + Level 0.3 Air Magic
 + Level 0.3 Earth Magic
 + Level 0.3 Poison Magic
 + Level 0.6 Invocations
 + Level 0.5 Evocations


You had 2 spell levels left.
You didn't know any spells.

Dungeon Overview and Level Annotations

Branches:
Dungeon (2/15)

Altars:

Annotations:
D:2 Sigmund


Innate Abilities, Weirdness & Mutations

Your experience applies equally to all skills.
You have very sharp teeth.
Your uncanny sense of smell can sniff out nearby items.


Message History

The jackal barely misses you. The jackal closely misses you.
You hit the jackal.
You kill the jackal!
You closely miss the jackal. Your bite misses the jackal.
The jackal bites you but does no damage. x2
You barely miss the jackal. Your bite misses the jackal.
The jackal barely misses you.
The jackal bites you but does no damage.
You barely miss the jackal. Your bite misses the jackal.
The jackal bites you but does no damage.
You closely miss the jackal. The jackal completely misses you.
The jackal bites you but does no damage.
You barely miss the jackal. Your bite misses the jackal.
The jackal closely misses you.
You closely miss the jackal. You bite the jackal, but do no damage.
The jackal bites you but does no damage.
The jackal barely misses you.
You miss the jackal.
The jackal bites you but does no damage.
You hit the jackal.
The jackal is severely wounded.
The jackal closely misses you.
The jackal bites you but does no damage.
Your ring mail prevents you from hitting the jackal.
The jackal is severely wounded.
The jackal bites you but does no damage.
You hit the jackal but do no damage. You bite the jackal, but do no damage.
The jackal is severely wounded.
The jackal barely misses you.
The jackal bites you but does no damage.
You hit the jackal.
You kill the jackal!
There is an open door, spattered with blood here.
You see here a jackal corpse.
You open the door.
There is an open door here.
A frilled lizard comes into view.
The frilled lizard hisses angrily.
Found 29 arrows.
Found 4 gold pieces.
You see here 29 arrows.
h - 29 arrows You miss the frilled lizard.
The frilled lizard closely misses you.
You slash the frilled lizard!
You kill the frilled lizard!
Sigmund the Dreaded comes into view.
He is wielding a scythe.
Sigmund shouts!
Sigmund points at you and mumbles some strange words.
You resist with significant effort.
Okay, then.
Sigmund hits you from afar with a scythe!
A frilled lizard comes into view.
Found a scroll labeled YRAOKHL RIYPUKHLO.
You see here 4 gold pieces.
Unknown command.
The frilled lizard hisses angrily.
You hit Sigmund but do no damage. Sigmund barely misses you.
You closely miss Sigmund. Sigmund hits you but does no damage.
You closely miss Sigmund. You bite Sigmund, but do no damage.
Sigmund hits you with a scythe!
* * * LOW HITPOINT WARNING * * *
You hit Sigmund.
Sigmund is lightly wounded.
You feel better. Sigmund hits you with a scythe!
* * * LOW HITPOINT WARNING * * *
You hit Sigmund. Your bite misses Sigmund.
Sigmund is moderately wounded.
Sigmund hits you with a scythe.
* * * LOW HITPOINT WARNING * * *
Your ring mail prevents you from hitting Sigmund.
You bite Sigmund, but do no damage.
Sigmund is moderately wounded.
You hit Sigmund but do no damage.
Sigmund is moderately wounded.
Sigmund closely misses you.
You barely miss Sigmund.
Sigmund is moderately wounded.
Sigmund misses you.
You hit Sigmund.
Sigmund is moderately wounded.
Sigmund closely misses you.
You hit Sigmund.
Sigmund is heavily wounded.
You hit Sigmund but do no damage. You bite Sigmund.
Sigmund is heavily wounded.
Sigmund hits you with a scythe.
* * * LOW HITPOINT WARNING * * *
You barely miss Sigmund.
Sigmund is heavily wounded.
Sigmund hits you but does no damage.
You hit Sigmund.
Sigmund is heavily wounded.
You hit Sigmund.
Sigmund is severely wounded.
Sigmund screams, "Only death can liberate you!"
Sigmund closely misses you.
You slash Sigmund!
Sigmund is almost dead.
Sigmund hits you with a scythe!
You die...

#.##########....#.#
#....# # #.#..#.#
#....# # #.#..#
#....#### #....#
##.#....[ #...## #
#.#..#.# #...##.#
#.#..... #......#
#.#..#.# #...####
#.#.##.# #@..#
#...#.## #..l@...#
#...#.#.
......##.##
#.#..... .##... ...
#.#..#.# .... .#.#
#.#..#.# #.#.. ..
#.#..#.# . .. .#.
#.#..#.# .?. ....
#<#..#.# #)#..#.#


You could see Sigmund and a frilled lizard.

Vanquished Creatures
  An ooze (D:2)
  A leopard gecko (D:1)
  A ball python (D:1)
  3 bats
  A giant cockroach (D:1)
  3 jackals (D:2)
  3 kobolds
  A frilled lizard (D:2)
14 creatures vanquished.

Notes
Turn   | Place    | Note
-------+----------+-------------------------------------------
     0 | D:1      | tidbits the Gnoll Wanderer began the quest for the Orb.
     0 | D:1      | tidbits set off with: a +2 hand axe, a +0 ring mail, a potion of curing, a ration
     0 | D:1      | Reached XP level 1. HP: 23/23 MP: 1/1
    49 | D:1      | Reached XP level 2. HP: 25/29 MP: 2/2
   211 | D:2      | Noticed Sigmund
   231 | D:2      | Slain by Sigmund

Vault maps used:
D:1:      roderic_dead_forest
D:2:      gammafunk_temple_overflow_elements, minmay_pentomino_s2, uniq_robin,
          uniq_sigmund, uniq_jessica

Action                   || total
-------------------------++-------
Melee: Hand axe          ||    57
       Bite              ||     6
  Use: Potion            ||     1
 Stab: Sleeping          ||     1
Armor: Ring mail         ||    21
Dodge: Dodged            ||    30

Table legend:
 A = Spawn XP
 B = Non-spawn XP
 C = Spawn XP percentage of total XP
 D = Spawn monster count
 E = Non-spawn monster count
 F = Spawn count percentage of total count
 G = Total turns spent on level
                    A         B        C        D         E        F      G
               +---------+---------+-------+---------+---------+-------+---------
         Total |       0 |      29 |   0.0 |       0 |      14 |   0.0 |   231
               +---------+---------+-------+---------+---------+-------+---------
           D:1 |       0 |      13 |   0.0 |       0 |       7 |   0.0 |    82
           D:2 |       0 |      16 |   0.0 |       0 |       7 |   0.0 |   149
               +---------+---------+-------+---------+---------+-------+---------

Table legend:
 A = Turns spent in this place as a percentage of turns spent in the entire game.
 B = Non-inter-level travel turns spent in this place as a percentage of non-inter-level travel turns spent in the entire game.
 C = Inter-level travel turns spent in this place as a percentage of turns spent in this place.
 D = Turns resting spent in this place as a percentage of non-inter-level travel turns spent in this place.
 E = Turns spent auto-exploring this place as a percentage of non-inter-level travel turns spent in this place.
 F = Non-inter-level travel turns spent in this place divided by the number of levels of this place that you've seen.
                   A       B       C       D       E      F
               +-------+-------+-------+-------+-------+----------------------
         Total | 100.0 | 100.0 |   0.0 |   0.0 |   0.0 | 115.5
       Dungeon | 100.0 | 100.0 |   0.0 |   0.0 |   0.0 | 115.5
               +-------+-------+-------+-------+-------+----------------------

Table legend:
 A = Kills in this place as a percentage of kills in entire the game.
 B = Kills by you in this place as a percentage of kills by you in the entire game.
 C = Kills by friends in this place as a percentage of kills by friends in the entire game.
 D = Other kills in this place as a percentage of other kills in the entire game.
 E = Experience gained in this place as a percentage of experience gained in the entire game.
 F = Experience gained in this place divided by the number of levels of this place that you have seen.
                   A       B       C       D       E      F
               +-------+-------+-------+-------+-------+----------------------
         Total | 100.0 | 100.0 |   N/A |   N/A | 100.0 |  14.5
       Dungeon | 100.0 | 100.0 |   N/A |   N/A | 100.0 |  14.5
               +-------+-------+-------+-------+-------+----------------------

Vault maps used:
D:1:      roderic_dead_forest
D:2:      gammafunk_temple_overflow_elements, minmay_pentomino_s2, uniq_robin,
          uniq_sigmund, uniq_jessica
